 Dungeon Crawl Stone Soup version 0.29-a0-330-g52719c12eb (webtiles) character file.

Game seed: 11648449108478630791

60010 kae the Arsonist (level 14, -2/121 HPs)
             Began as a Demigod Fire Elementalist on Apr 28, 2022.
             Killed from afar by a will-o-the-wisp (31 damage)
             ... with a foxfire
             ... on level 3 of the Lair of Beasts.
             The game lasted 00:24:32 (25708 turns).

kae the Arsonist (Demigod Fire Elementalist)       Turns: 25708, Time: 00:24:33

Health: -2/121     AC: 11    Str: 11    XL:     14   Next: 19%
Magic:  23/31      EV: 16    Int: 33    God:
Gold:   1228       SH:  5    Dex: 20    Spells: 13/31 levels left

rFire   . . .      SeeInvis .   y - +9 trident of Febuom {venom, rN++ Str-4}
rCold   . . .      Faith    .   (no shield)
rNeg    + + .      Spirit   .   K - +0 acid dragon scales
rPois   .          Reflect  +   (no helmet)
rElec   .          Harm     .   E - +2 cloak {rCorr}
rCorr   +          Rampage  .   (no gloves)
Will    +....                   F - +0 pair of boots
Stlth   ++........              z - amulet of reflection
HPRegen 0.30/turn               h - +6 ring of strength
MPRegen 0.22/turn               l - +6 ring of dexterity

@: no status effects
A: high MP 1, forlorn, divine attributes
a: no special abilities


You were on level 3 of the Lair of Beasts.
You visited 2 branches of the dungeon, and saw 16 of its levels.
You also visited: Bailey.

You collected 1228 gold pieces.

Inventory:

Hand Weapons
 y - the +9 trident of Febuom (weapon) {venom, rN++ Str-4}
   (You found it on level 6 of the Dungeon)

   It poisons the flesh of those it strikes.
   Str:       It affects your strength (-4).
   rN:        It greatly protects you from negative energy.
 C - the +3 quarterstaff of the Exiled Beds {vorpal, *Corrode rElec Dex+2 Stlth+}
   (You took it off a kobold demonologist on level 12 of the Dungeon)

   It inflicts extra damage upon your enemies.
   Dex:       It affects your dexterity (+2).
   rElec:     It insulates you from electricity.
   *Corrode:  It may corrode you when you take damage.
   Stlth:     It makes you more stealthy.
Missiles
 i - 4 throwing nets
Armour
 a - a +1 robe
 d - the +0 robe of Ramut {Slay+3}
   (You found it on level 7 of the Dungeon)

   Slay:      It affects your accuracy & damage with ranged weapons and melee
   (+3).
 v - a +0 pair of boots
 E - a +2 cloak of preservation (worn)
 F - a +0 pair of boots (worn)
 K - +0 acid dragon scales (worn)
Jewellery
 h - a +6 ring of strength (left hand)
 l - a +6 ring of dexterity (right hand)
 s - an amulet of guardian spirit
 z - an amulet of reflection (around neck)
 L - a ring of protection from cold
Wands
 p - a wand of mindburst (3)
 q - a wand of charming (11)
 G - a wand of digging (4)
 N - a wand of polymorph (6)
 Q - a wand of acid (3)
 U - a wand of flame (16)
Scrolls
 e - a scroll of summoning
 n - a scroll of holy word
 r - 3 scrolls of enchant armour
 t - a scroll of brand weapon
 u - 2 scrolls of amnesia
 x - 3 scrolls of teleportation
 A - a scroll of silence
 D - a scroll of fear
 H - 3 scrolls of fog
 M - 2 scrolls of magic mapping
Potions
 b - 3 potions of magic
 c - 4 potions of berserk rage
 f - 2 potions of haste
 g - 2 potions of degeneration
 j - 4 potions of curing
 k - a potion of attraction
 m - a potion of heal wounds
 o - 2 potions of flight
 w - 2 potions of brilliance
 B - 3 potions of lignification
 I - a potion of mutation
 J - a potion of ambrosia
 R - a potion of might
Miscellaneous
 O - a piece from Xom's chessboard (15/15)


   Skills:
 - Level 10.0 Fighting
 - Level 5.0 Armour
 - Level 8.0 Dodging
 - Level 1.7 Stealth
 - Level 9.1 Spellcasting
 + Level 11.1 Conjurations
 + Level 11.3 Fire Magic
 - Level 7.3 Evocations


You had 13 spell levels left.
You knew the following spells:

 Your Spells              Type           Power      Damage    Failure   Level
a - Foxfire               Conj/Fire      100%       2x1d9     1%          1
b - Scorch                Fire           100%       2d10      1%          2
c - Conjure Flame         Conj/Fire      73%        6-21      1%          3
d - Inner Flame           Hex/Fire       51%        N/A       1%          3
e - Flame Wave            Conj/Fire      73%        2d13      1%          4
f - Fireball              Conj/Fire      36%        3d15      1%          5

Your spell library contained the following spells:

 Spells                   Type           Power      Damage    Failure   Level
 Ignite Poison            Fire/Tmut/Pois 39%        N/A       3%          3
 Mephitic Cloud           Conj/Pois/Air  39%        N/A       3%          3
 Animate Skeleton         Necr           30%        N/A       4%          1
 Apportation              Tloc           30%        N/A       4%          1
 Sting                    Tmut/Pois      60%        1d6       4%          1
 Summon Small Mammal      Summ           60%        N/A       4%          1
 Gell's Gravitas          Tloc           15%        N/A       14%         3
 Teleport Other           Tloc           15%        N/A       14%         3
 Tukima's Dance           Hex            15%        N/A       14%         3
 Freezing Cloud           Conj/Ice/Air   19%        6-21      26%         5
 Passage of Golubria      Tloc           15%        N/A       41%         4
 Alistair's Intoxication  Tmut/Pois      10%        N/A       77%         5
 Yara's Violent Unravell  Hex/Tmut       7%         3d5       77%         5
 Dispersal                Tloc           7%         N/A       100%        6


Dungeon Overview and Level Annotations

Branches:
Dungeon (13/15)            Temple (0/1) D:7            Lair (3/6) D:11
  Swamp (0/4) Lair:3       Spider (0/4) Lair:2          Orc (0/2) D:10
 Bailey (visited)
 Vaults: D:13-14

Annotations:
D:11 exclusion: door


Innate Abilities, Weirdness & Mutations

You have an increased reservoir of magic. (+10% MP)
You shall have no god before yourself.
Your divine heritage dramatically boosts your attributes as you level up.


Message History

* * * LOW HITPOINT WARNING * * *
The foxfire hits the elephant but does no damage.
The elephant is almost dead.
The foxfire hits the elephant.
The elephant is burned terribly!
The elephant is almost dead.
The elephant barely misses you. The elephant closely misses you.
You feel much better.
The elephant is no longer more vulnerable to fire.
The elephant misses you.
The elephant trunk-slaps you but does no damage.
The bullfrog snags a nearby centipede with its tongue.
Casting: Foxfire (safe; 1% risk of failure)
Confirm with . or Enter, or press ? or * to list all spells.
Flames lash the elephant.
You kill the elephant!
The bullfrog hits you but does no damage.
The will-o-the-wisp gestures.
The will-o-the-wisp conjures some foxfire!
You block the bullfrog's attack. 2 foxfires come into view.
You puncture the bullfrog!
The bullfrog is poisoned.
The bullfrog is heavily wounded.
You block the bullfrog's attack.
The will-o-the-wisp gestures.
The will-o-the-wisp conjures some foxfire!
The foxfire hits you!!
* * * LOW HITPOINT WARNING * * *
The foxfire hits you!
* * * LOW HITPOINT WARNING * * *
2 foxfires come into view.
You feel much better. The bullfrog hits you.
* * * LOW HITPOINT WARNING * * *
The foxfire hits you!!
* * * LOW HITPOINT WARNING * * *
The will-o-the-wisp gestures.
The will-o-the-wisp conjures some foxfire!
The bullfrog completely misses you. 2 foxfires come into view.
You feel much better. The foxfire hits you!!
You die...

,,,,.#.§..##...# #.........#
,,,,..h.h.....P# #.P#P###...
,,,,......§§§..# #.####**.P#
,,,,.......v§§## #.# *,,,.
,,,,,,,,,..§§v.* #.# *,,,#
,,,*,****...§.§########.# **,#.
,,**** *#...v.§#....#..#####,..*
,,** #.....†v..............*.
,,,* *#.....†@F............,.#
,,***** *......####..##.##.F..,,,
,,* *,* *.....,* #######*##..,**
,,***,***....,,* *,.,,,
,,,,,,,,,...,,***** *,,,**
,,,,,,,,,..,,,***,* ******,,,,,
,,,,,,,,,.,,,,,*,******,**,,,,,,*
,,,,,,,,,,,,,,,,,,,,,,,,,,,,,,*,,
,,,,,,,,,,,,,,,,,,,,,,,,,,,,,,,,*


You could see a will-o-the-wisp and a bullfrog (very poisoned).

Vanquished Creatures
  Gastronok (D:9)
  An orc warlord (Bailey)
  Snorg (D:12)
  Josephine (D:13)
  Harold (D:9)
  4 hydras
  5 boulder beetles
  4 two-headed ogres
  A tengu warrior (D:13)
  Nergalle (D:12)
  4 skeletal warriors
  Amaemon (D:11)
  A deep elf pyromancer (D:13)
  2 cyclopes
  An ugly thing (D:12)
  A manticore (D:13)
  Maurice (D:11)
  A black mamba (Lair:3)
  An orange demon (D:11)
  5 elephants (Lair:3)
  A torpor snail (Lair:2)
  Psyche (D:9)
  9 cane toads
  2 kobold demonologists
  2 unseen horrors
  A komodo dragon (Lair:2)
  A rime drake (Lair:3)
  A troll (D:11)
  Prince Ribbit (D:9)
  9 blink frogs
  Grinder (D:3)
  6 wraiths (D:13)
  39 yaks
  2 wyverns
  A vampire (D:11)
  2 shadows
  2 basilisks
  2 vampire mosquitoes
  2 redbacks (Lair:2)
  2 two-headed ogre zombies (D:10)
  27 water moccasins
  3 acid dragons
  15 orc warriors
  3 black bears
  3 sky beasts
  An ogre (D:5)
  12 wolves
  3 centaurs
  2 phantoms
  2 gnoll sergeants
  4 kobold brigands
  16 bullfrogs
  10 scorpions
  2 necrophages
  3 wights (D:7)
  9 killer bees
  4 troll zombies (D:10)
  A howler monkey (D:10)
  A quasit (D:8)
  2 jellies (D:6)
  8 orc priests
  3 hounds
  2 iguanas
  9 orc wizards
  2 ogre zombies (D:10)
  Robin (D:3)
  21 adders
  16 gnolls
  A shadow imp (D:5)
  2 white imps
  A worm (D:5)
  A dart slug (D:1)
  30 orcs
  7 endoplasms
  3 giant cockroaches (D:7)
  28 goblins
  14 hobgoblins
  3 jackals (D:3)
  16 kobolds
  2 quokkas
  6 ball pythons
  A bat (D:3)
  2 frilled lizards
  A goblin skeleton (D:8)
  2 goblin zombies (D:10)
  6 hobgoblin zombies
  2 kobold zombies (D:8)
  An orc skeleton (D:10)
  18 orc zombies
  6 rats
  3 butterflies (D:7)
466 creatures vanquished.

Vanquished Creatures (collateral kills)
  A kobold (D:3)
1 creature vanquished.

Vanquished Creatures (others)
  1146 foxfires
  19 fungi
  15 plants
1180 creatures vanquished.

Grand Total: 1647 creatures vanquished

Notes
Turn   | Place    | Note
-------+----------+-------------------------------------------
     0 | D:1      | kae the Demigod Fire Elementalist began the quest for the
                  | Orb.
     0 | D:1      | Reached XP level 1. HP: 14/14 MP: 5/5
    97 | D:1      | Reached skill level 1 in Conjurations
   382 | D:1      | Reached XP level 2. HP: 20/20 MP: 4/7
   686 | D:1      | Learned a level 2 spell: Scorch
  1107 | D:2      | Reached XP level 3. HP: 26/26 MP: 6/9
  1111 | D:2      | Learned a level 3 spell: Conjure Flame
  2102 | D:3      | Reached XP level 4. HP: 33/33 MP: 3/10
  2413 | D:3      | Noticed Robin
  2428 | D:3      | Killed Robin
  2665 | D:3      | Noticed Grinder
  2675 | D:3      | Killed Grinder
  2676 | D:3      | Reached XP level 5. HP: 38/38 MP: 5/13
  2676 | D:3      | Reached XP level 6. HP: 45/45 MP: 5/14
  2812 | D:3      | Learned a level 3 spell: Inner Flame
  2830 | D:4      | You fall into a shaft and drop 1 floor!
  2830 | D:5      | Entered Level 5 of the Dungeon
  3609 | D:4      | Reached XP level 7. HP: 50/50 MP: 11/16
  3614 | D:4      | Learned a level 4 spell: Flame Wave
  3694 | D:4      | Reached skill level 5 in Fire Magic
  5427 | D:6      | Reached skill level 5 in Spellcasting
  5427 | D:6      | Reached skill level 5 in Conjurations
  5427 | D:6      | Reached XP level 8. HP: 52/57 MP: 11/19
  6287 | D:6      | Identified the +9 trident of Febuom {venom, rN++ Str-4}
  6600 | D:7      | Found a flagged portal.
  6659 | Bailey   | Entered a bailey
  7428 | Bailey   | Reached XP level 9. HP: 20/62 MP: 2/22
  8081 | Bailey   | Noticed an orc warlord
  8111 | Bailey   | Killed an orc warlord
  8436 | Bailey   | Got the Disquisition on the Poisonous Blaze
  8846 | D:7      | Found a staircase to the Ecumenical Temple.
  9008 | D:7      | Reached XP level 10. HP: 64/69 MP: 13/25
  9296 | D:7      | Found a runed translucent door.
  9298 | D:7      | Found a runed translucent door.
  9376 | D:7      | Identified the +0 robe of Ramut {Slay+3}
  9532 | D:7      | Reached skill level 10 in Fire Magic
  9532 | D:7      | Reached XP level 11. HP: 74/74 MP: 25/28
  9533 | D:7      | Reached XP level 12. HP: 101/101 MP: 25/29
 10051 | D:8      | Noticed a two-headed ogre
 10091 | D:8      | Killed a two-headed ogre
 10092 | D:8      | Reached skill level 10 in Conjurations
 10104 | D:8      | Reached skill level 1 in Evocations
 10862 | D:9      | Noticed Gastronok
 11743 | D:9      | Noticed Prince Ribbit
 11755 | D:9      | Killed Prince Ribbit
 11875 | D:9      | Killed Gastronok
 11876 | D:9      | Reached skill level 5 in Evocations
 12163 | D:9      | Noticed Psyche
 12178 | D:9      | Killed Psyche
 12245 | D:9      | Noticed Harold
 12264 | D:9      | Killed Harold
 12429 | D:9      | Noticed a two-headed ogre
 12439 | D:9      | Killed a two-headed ogre
 13042 | D:10     | Entered Level 10 of the Dungeon
 13430 | D:10     | Learned a level 5 spell: Fireball
 13500 | D:10     | Noticed a two-headed ogre
 13505 | D:10     | Killed a two-headed ogre
 14073 | D:10     | Found a staircase to the Orcish Mines.
 14869 | D:11     | Noticed a six-headed hydra
 14890 | D:11     | Killed a six-headed hydra
 15154 | D:11     | Noticed a boulder beetle
 15154 | D:11     | Noticed a boulder beetle
 15185 | D:11     | Noticed a boulder beetle
 15201 | D:11     | Killed a boulder beetle
 15252 | D:11     | Noticed Amaemon
 15340 | D:11     | Killed Amaemon
 15471 | D:11     | Noticed a boulder beetle
 15488 | D:11     | Killed a boulder beetle
 15489 | D:11     | Reached skill level 5 in Dodging
 15489 | D:11     | Reached XP level 13. HP: 53/108 MP: 20/30
 15701 | D:11     | Noticed Maurice
 15739 | D:11     | Killed Maurice
 15919 | D:11     | Found a staircase to the Lair.
 16436 | D:12     | Noticed Nergalle
 16439 | D:12     | Killed Nergalle
 16464 | D:12     | Identified the +3 quarterstaff of the Exiled Beds {vorpal,
                  | *Corrode rElec Dex+2 Stlth+}
 17962 | D:12     | Noticed Snorg
 17971 | D:12     | Killed Snorg
 18307 | D:13     | Noticed Josephine
 18664 | D:13     | Reached skill level 1 in Armour
 18697 | D:13     | Killed Josephine
 19375 | D:13     | HP: 4/111 [burnt (5)]
 20481 | Lair:1   | Entered Level 1 of the Lair of Beasts
 20598 | Lair:1   | Reached skill level 10 in Fighting
 22235 | Lair:2   | Reached skill level 5 in Armour
 22714 | Lair:2   | Found a hole to the Spider Nest.
 24054 | Lair:2   | Reached XP level 14. HP: 100/121 MP: 28/31
 25706 | Lair:3   | HP: 3/121 [will-o-the-wisp/foxfire (11)]
 25708 | Lair:3   | Killed from afar by a will-o-the-wisp

Illustrated notes

Levels and vault maps discovered:
D:1:      co_arrival_random_square_maze, layout_basic, minmay_pentomino_x2
D:2:      layout_basic, hellmonk_ecumenical_altar_slurped_away
D:3:      layout_rooms, general_overflow_altar,
          nicolae_qazlal_general_emergency, uniq_robin, uniq_grinder
D:4:      layout_basic, mainiacjoe_overflow_alcove_1,
          mainiacjoe_overflow_alcove_4
D:5:      layout_loops_corners, marbit_many_paths, nicolae_gozag_seed_capital,
          kennysheep_generic_room_9
D:6:      layout_basic, kennysheep_little_box, lemuel_doored_altar
D:7:      lemuel_insect_pit, layout_loops_ring, mainiacjoe_overflow_catwalk,
          minmay_temple_entry_wispy, enter_bailey_5
D:8:      layout_loops_ring, cheibriados_altar_1, nicolae_tso_besieged_by_evil,
          mainiacjoe_overflow_brackets, mainiacjoe_overflow_boulevard
D:9:      layout_roguey, uniq_harold, uniq_prince_ribbit1, uniq_gastronok,
          uniq_psyche
D:10:     layout_loops_cross, zombieorc2_lemuel
D:11:     layout_stronghold, lair_entry_dummy, uniq_maurice, uniq_amaemon
D:12:     layout_basic, drop_trap, uniq_nergalle, uniq_snorg
D:13:     layout_rooms, erik_vaults_1, nicolae_rejected_hall, uniq_josephine
Lair:1:   layout_hall_layers
Lair:2:   lemuel_reptile_caves, layout_hall_layers, spider_nest_entry_webs,
          st_stairs_9, grunt_megastairs_1
Lair:3:   gammafunk_boulding_lane, layout_chaotic_city,
          minmay_swamp_entry_wisps, portal_ice_cave_entry_ice_simulacra,
          st_stairs_12, wad_woods_road_05

Skill      XL: |  1  2  3  4  5  6  7  8  9 10 11 12 13 14 |
---------------+-------------------------------------------+-----
Conjurations   | 1 2 3 4 5 6 7 9 10 11 | 11.1
Spellcasting   | 2 3 4 5 6 7 9 |  9.1
Fire Magic     | 3 4 5 7 8 10 11 | 11.3
Fighting       | 7 8 10 | 10.0
Evocations     | 7 |  7.3
Dodging        | 5 8 |  8.0
Armour         | 5 |  5.0
Stealth        | |  1.7

Action                   |  1- 3 |  4- 6 |  7- 9 | 10-12 | 13-15 || total
-------------------------+-------+-------+-------+-------+-------++-------
Melee: Unarmed           |     5 |       |       |     1 |       ||     6
       Whip              |       |     1 |     8 |       |       ||     9
       Trident           |       |       |    13 |   103 |    67 ||   183
       Punch             |       |       |       |     3 |     1 ||     4
 Cast: Foxfire           |    72 |    62 |   155 |   127 |   238 ||   654
       Scorch            |     7 |     9 |    82 |    90 |    88 ||   276
       Conjure Flame     |       |       |     7 |    11 |     8 ||    26
       Inner Flame       |       |       |     3 |     6 |     4 ||    13
       Flame Wave        |       |       |     3 |    12 |    22 ||    37
       Fireball          |       |       |       |    10 |    51 ||    61
  Use: Scroll            |     7 |     2 |     7 |     2 |    14 ||    32
       Potion            |       |       |     2 |     2 |     6 ||    10
 Stab: Sleeping          |       |       |     1 |     3 |       ||     4
Armor: Robe              |     1 |     3 |    20 |    42 |       ||    66
       Skin              |       |       |     1 |       |       ||     1
       Acid dragon scale |       |       |       |    32 |   125 ||   157
Dodge: Dodged            |     8 |     6 |    82 |   119 |   279 ||   494
Block: Other             |       |       |       |    44 |   104 ||   148
       Reflection        |       |       |       |     2 |     2 ||     4

Table legend: (Time is in decaauts)
 A = Elapsed time spent in this place.
 B = Non-inter-level travel time spent in this place.
 C = Inter-level travel time spent in this place.
 D = Time resting spent in this place.
 E = Time spent auto-exploring this place.
 F = Levels seen in this place.
 G = Mean time per level.
                   A        B        C        D        E       F      G
               +--------+--------+--------+--------+--------+-----+--------+
         Total |  25807 |  24895 |    912 |   3111 |  17858 |  17 | 1518.1 |
       Dungeon |  18703 |  18085 |    618 |   2549 |  12851 |  13 | 1438.7 |
          Lair |   5278 |   4985 |    293 |    156 |   4088 |   3 | 1759.3 |
        Bailey |   1824 |   1824 |      0 |    406 |    919 |   1 | 1824.0 |
               +--------+--------+--------+--------+--------+-----+--------+

Top non-repeatable levels by time:
  Lair:2: 3316 daAuts
    D:11: 2554 daAuts
     D:9: 1990 daAuts
    D:12: 1901 daAuts
  Bailey: 1824 daAuts
  Lair:1: 1773 daAuts
     D:5: 1673 daAuts
    D:13: 1619 daAuts
     D:7: 1511 daAuts
     D:8: 1436 daAuts
    D:10: 1387 daAuts
     D:2: 1049 daAuts
     D:1: 966 daAuts
     D:6: 904 daAuts
     D:4: 896 daAuts
